Unix NetHack Version 3.7.0-95 Work-in-progress - last build Jan 1 2024 20:51:50 (6a0ccc5fa2390e420dd2d488a2f9488d2ae3a63b,branch:master). Game began 2024-01-04 17:05:00, ended 2024-01-04 17:12:26. Arasaka, chaotic female elven Ranger ----------+----- ###...............| ---- ## |...............# |..| ----- ###### #### |..............|### |..| --...-- #----- # #.......%.......| #######|..| --.....-- #|....## #-------#-------- #...| |.:......#########################..<.| # |..| |...(...| #|..*+ # ---- |.......| #----- # --.....-- -------------- ### # -->..-- #%##.............| # # -.--- # |.............#### # ---- ## ## |............| # .]"| # # -------------- # |.==| ----)--- # # #-.==| |..__..| # # #|.==| |.).....## # # ---- |@.....| #### -------- Arasaka the Lookout St:14 Dx:13 Co:15 In:14 Wi:13 Ch:7 Chaotic Dlvl:2 $:145 HP:30(30) Pw:24(24) AC:1 Xp:4/126 T:1912 Latest messages: You kill the little dog! There is a doorway here. You see here a little dog corpse. y - a little dog corpse. You hear the footsteps of a guard on patrol. What do you want to sacrifice? [y or ?*] Your sacrifice is consumed in a burst of flame! You see here an elven dagger. You hear someone counting gold coins. You are in full health. You stop waiting. The jackal misses! You kill the jackal! There is a doorway here. You see here a jackal corpse. z - a jackal corpse. You see here an elven dagger. What do you want to sacrifice? [z or ?*] Your sacrifice is consumed in a burst of flame! You hear someone cursing shoplifters. You stop waiting. You see here an elven dagger. The hobbit wields a dagger! You hit the hobbit. The hobbit thrusts her dagger. The hobbit hits! You kill the hobbit! You have a little trouble lifting a hobbit corpse. Continue? [ynq] (q) You have a little trouble lifting A - a hobbit corpse. Your movements are slowed slightly because of your load. You see here an elven dagger. What do you want to sacrifice? [A or ?*] Your sacrifice is consumed in a burst of flame! Your movements are now unencumbered. You are in full health. You stop waiting. You see here an elven dagger. You kill the jackal! B - a scroll labeled NR 9. There is an altar to Mercury (lawful) here. You see here a jackal corpse. C - a jackal corpse. You see here an elven dagger. What do you want to sacrifice? [C or ?*] Your sacrifice is consumed in a burst of flame! A runed dagger named Sting appears at your feet! The voice of Mars booms: "Use my gift wisely!" D - an elven dagger named Sting. # Really quit? [yn] (n) Inventory: Coins ('$') $ - 145 gold pieces Weapons (')') c - 55 uncursed +2 elven arrows d - 29 uncursed +0 elven arrows (in quiver) b - a blessed +1 elven bow (alternate weapon; not wielded) a - an uncursed +2 elven dagger (weapon in right hand) D - the uncursed fireproof +0 Sting Armor ('[') e - a blessed +5 elven cloak (being worn) i - an uncursed +0 studded leather armor (being worn) Comestibles ('%') j - 2 uncursed food rations f - 4 uncursed lembas wafers Scrolls ('?') B - an uncursed scroll of destroy armor q - a cursed scroll of enchant weapon w - a blessed scroll of light Potions ('!') t - 3 uncursed potions of healing Rings ('=') u - an uncursed ring of stealth Gems/Stones ('*') m - an uncursed flint stone Arasaka the Ranger's attributes: Background: You were a Lookout, a level 4 female elven Ranger. You were chaotic, on a mission for Mars who was opposed by Mercury (lawful) and Venus (neutral). You were right-handed. You were in the Dungeons of Doom, on level 2. You entered the dungeon 1912 turns ago. You had 126 experience points, 34 more were needed to attain level 5. Basics: You had all 30 hit points. You had all 24 energy points (spell power). Your armor class was 1. Your wallet contained 145 zorkmids. Autopickup was on for '$"?' plus thrown, with exceptions. Final Characteristics: Your strength was 14 (limit:18). Your dexterity was 13 (limit:18). Your constitution was 15 (limit:16). Your intelligence was 14 (limit:20). Your wisdom was 13 (limit:20). Your charisma was 7 (limit:18). Final Status: You weren't hungry. You were unencumbered. You were wielding a dagger. You had basic skill with dagger. Final Attributes: You were devoutly aligned. You were sleep resistant. You had automatic searching. You had infravision. You were stealthy. You were warded. You survived. Miscellaneous: You disabled loading of bones levels. Total elapsed playing time was 7 minutes and 25 seconds. Major events: Turn 1: Arasaka the chaotic female elven Ranger entered the dungeon 773: attained the rank of Lookout (level 3) 1910: was bestowed with Sting by Mars 1912: quit Vanquished creatures: a little dog a floating eye a giant bat 3 dwarf zombies an acid blob 2 hobbits a gecko 11 jackals 4 kobolds a goblin 4 grid bugs 4 bats 3 lichens 6 newts 43 creatures vanquished. No species were genocided or became extinct. Voluntary challenges: You read items or engraved 5 times. You never engraved Elbereth. You never genocided any monsters. You never polymorphed an object. You never changed form. You used no wishes. Achievements: You attained the rank of Lookout. You entered a shop. The Dungeons of Doom: levels 1 to 4 Level 1: A fountain. Level 2: <- You were here. Many altars. Level 3: An altar, a fountain, a sink. Level 4: Goodbye Arasaka the Ranger... You quit in The Dungeons of Doom on dungeon level 2 with 809 points, and 145 pieces of gold, after 1912 moves. You were level 4 with a maximum of 30 hit points when you quit.